 Dungeon Crawl Stone Soup version 0.17-a0-1838-g891d947 (webtiles) character file.

240 orochimarko the Covert (level 5, -1/26 HPs)
             Began as a Spriggan Assassin on Sept 14, 2015.
             Slain by a slave (9 damage)
             ... led by Pikel
             ... on level 4 of the Dungeon on Sept 15, 2015.
             The game lasted 00:34:00 (3519 turns).

orochimarko the Covert (Spriggan Assassin)          Turns: 3519, Time: 00:34:00

Health: -1/26      AC:  3    Str:  7    XL:     5   Next: 80%
Magic:  6/6        EV: 19    Int: 16    God:
Gold:   156        SH:  0    Dex: 19    Spells: 0 memorised, 4 levels left

rFire  . . .     SeeInvis +     a - +2 dagger
rCold  . . .     Clarity  .     n - +0 animal skin
rNeg   . . .     SustAt   .     (shield restricted)
rPois  .         Gourm    .     (helmet restricted)
rElec  .         Spirit   .     d - +0 cloak
rCorr  .         Warding  .     (gloves unavailable)
rMut   .         Stasis   .     (boots unavailable)
MR     .....                    (no amulet)
Stlth  +++++.....               (no ring)
                                p - +4 ring of intelligence

@: very quick, not resistant to hostile enchantments, quite stealthy
A: unfitting armour, see invisible, herbivore 3, speed 3, slow metabolism 2
a: no special abilities


You were on level 4 of the Dungeon.
You were not hungry.

You visited 1 branch of the dungeon, and saw 4 of its levels.

You collected 156 gold pieces.

Inventory:

Hand weapons
 a - a +2 dagger (weapon)
 b - a +0 blowgun
Missiles
 e - 32 poisoned needles
 f - 2 curare-tipped needles
 i - 38 arrows
Armour
 d - a +0 cloak (worn)
 n - a +0 animal skin (worn)
Jewellery
 p - a +4 ring of intelligence (left hand)
Magical devices
 c - a wand of paralysis (13)
Scrolls
 j - a scroll of fear
 l - a scroll of identify
 m - a scroll of noise {unknown}
 o - a scroll of enchant weapon {unknown}
 s - 2 scrolls of amnesia
Potions
 h - 2 potions of curing
 k - a potion of poison {unknown}
 r - a potion of resistance {unknown}
Comestibles
 g - 5 bread rations
 q - 3 fruits


   Skills:
 + Level 2.0 Fighting
 + Level 2.9 Short Blades
 + Level 4.1 Throwing
 + Level 3.6 Dodging
 + Level 8.1 Stealth


You had 4 spell levels left.
You didn't know any spells.

Dungeon Overview and Level Annotations

Branches:
Dungeon (4/15)
 Temple: D:4-7

Altars:
Ashenzari
Elyvilon

Annotations:
D:4 Grinder, Pikel


Innate Abilities, Weirdness & Mutations

You are tiny and cannot use many weapons and most armour.
You have supernaturally acute eyesight.
You are a herbivore.
You cover ground extremely quickly.
You need consume almost no food.


Message History

Pikel misses you. The slave misses you.
You hit Pikel.
Pikel is lightly wounded.
The slave closely misses you. Pikel barely misses you.
You closely miss Pikel.
Pikel is lightly wounded.
The slave closely misses you. Pikel closely misses you.
You hit Pikel but do no damage.
Pikel is lightly wounded.
The slave misses you.
You closely miss Pikel.
Pikel is lightly wounded.
Pikel completely misses you.
You hit Pikel.
Pikel is moderately wounded.
The slave hits you. Pikel misses you.
You hit Pikel.
Pikel is moderately wounded.
The slave hits you!
You die...

##################
#>.........p.....#
#.#####...######p# #.#
#...# #@#
#.#####.(p######K####
#..............p5p..?.!?
#.############.....#####
#.#....# #.....#
#.#....# #.....#
#.#....# #....#?.
#......# #....#..
#.....## #...!$.$.


You could see Pikel, Grinder and 3 slaves.

Vanquished Creatures
  An ogre (D:4)
  Robin (D:3)
  2 gnolls (D:2)
  6 adders
  A worm (D:3)
  2 giant geckos (D:3)
  4 orcs
  9 bats
  3 giant cockroaches
  9 goblins
  10 hobgoblins
  3 jackals (D:1)
  8 kobolds
  A quokka (D:2)
  2 ball pythons (D:3)
  A giant newt (D:2)
  7 rats
70 creatures vanquished.

Notes
Turn   | Place    | Note
--------------------------------------------------------------
     0 | D:1      | orochimarko the Spriggan Assassin began the quest for the Orb.
     0 | D:1      | Reached XP level 1. HP: 10/10 MP: 2/2
   253 | D:1      | Reached skill level 6 in Stealth
  1142 | D:1      | Upgraded the game from 0.17-a0-1831-gaadb308 to 0.17-a0-1838-g891d947
  1158 | D:2      | Reached XP level 2. HP: 11/14 MP: 3/3
  1533 | D:2      | Reached XP level 3. HP: 10/18 MP: 4/4
  1684 | D:2      | Reached skill level 7 in Stealth
  1857 | D:2      | Found a white marble altar of Elyvilon.
  2523 | D:3      | Reached XP level 4. HP: 21/23 MP: 5/5
  2735 | D:3      | Noticed Robin
  2737 | D:3      | Killed Robin
  2954 | D:3      | Found a shattered altar of Ashenzari.
  2975 | D:3      | Reached XP level 5. HP: 24/26 MP: 6/6
  3390 | D:4      | Noticed an ogre
  3410 | D:4      | Killed an ogre
  3410 | D:4      | Reached skill level 8 in Stealth
  3485 | D:4      | Noticed a slave
  3485 | D:4      | Noticed Grinder
  3486 | D:4      | Noticed Pikel
  3486 | D:4      | Noticed a slave
  3486 | D:4      | Noticed a slave
  3504 | D:4      | Noticed a slave
  3519 | D:4      | Slain by a slave

Vault maps used:
D:1:      nagdon_arrival_zigzag_paths
D:2:      elyvilon_altar_4
D:3:      nicolae_ashenzari_panopticon, uniq_robin
D:4:      kennysheep_big_flooded_room, uniq_pikel, uniq_grinder, uniq_sigmund

Action                   |  1- 3 |  4- 6 || total
-------------------------+-------+-------++-------
Melee: Dagger            |    81 |    47 ||   128
 Fire: Blowgun           |    25 |    60 ||    85
  Use: Potion            |     2 |       ||     2
       Scroll            |       |     3 ||     3
 Stab: Sleeping          |     6 |    10 ||    16
       Distracted        |     1 |     2 ||     3
